 Dungeon Crawl Stone Soup version 0.19-a0-503-g45a6586 (webtiles) character file.

17 Duffy the Chopper (level 2, 0/26 HPs)
             Began as a Naga Gladiator on June 6, 2016.
             Slain by an adder (5 damage)
             ... on level 2 of the Dungeon.
             The game lasted 00:00:38 (853 turns).

Duffy the Chopper (Naga Gladiator)                   Turns: 853, Time: 00:00:38

Health: 0/26       AC:  3    Str: 17    XL:     2   Next: 62%
Magic:  2/2        EV: 10    Int:  8    God:
Gold:   18         SH:  0    Dex: 11    Spells: 0 memorised, 1 level left

rFire  . . .     SeeInvis +     a - +0 war axe
rCold  . . .     Gourm    .     b - +0 leather armour
rNeg   . . .     Faith    .     (no shield)
rPois  +         Spirit   .     c - +0 helmet
rElec  .         Dismiss  .     (no cloak)
rCorr  .         Reflect  .     (no gloves)
SustAt .         Harm     .     (no barding)
MR     .....                    (no amulet)
Stlth  +.........               (no ring)
                                (no ring)

@: lethally poisoned (0 -> -7), very slow, not resistant to hostile
enchantments, very unstealthy
A: see invisible, deformed body, poison resistance, slowness 2, slow metabolism
1, spit poison 2, AC +0
a: Spit Poison


You were on level 2 of the Dungeon.
You were not hungry.

You visited 1 branch of the dungeon, and saw 2 of its levels.

You collected 18 gold pieces.


Innate Abilities, Weirdness & Mutations

You cannot wear boots.
Your serpentine skin is tough. (AC +0)
You have supernaturally acute eyesight. (SInv)
Armour fits poorly on your strangely shaped body.
Your system is resistant to poisons. (rPois)
You cover ground very slowly.
You have a slow metabolism.
You can spit poison.


   Skills:
 - Level 2.0 Fighting
 + Level 3.9 Axes
 - Level 1.7 Throwing
 - Level 2.4 Dodging


You had one spell level left.
You didn't know any spells.

Inventory:

Hand Weapons
 a - a +0 war axe (weapon)
Missiles
 d - 3 throwing nets (quivered)
Armour
 b - a +0 leather armour (worn)
 c - a +0 helmet (worn)
Scrolls
 h - a scroll of fear {unknown}
Potions
 e - 2 potions of flight {unknown}
Comestibles
 f - a bread ration
 g - 3 fruits

Dungeon Overview and Level Annotations

Branches:
Dungeon (2/15)

Altars:


Message History

The hobgoblin is severely wounded.
The hobgoblin closely misses you. The adder bites you.
You closely miss the hobgoblin.
The hobgoblin is severely wounded.
You hit the adder but do no damage. The adder closely misses you.
The hobgoblin hits you. The adder bites you.
You are poisoned.
The adder poisons you! The hobgoblin misses you.
You hit the hobgoblin.
The hobgoblin is almost dead.
You miss the adder.
You feel sick. The adder bites you but does no damage. The hobgoblin hits you.
The adder closely misses you.
You closely miss the hobgoblin.
The hobgoblin is almost dead.
You closely miss the adder.
You feel sick. The adder barely misses you. The hobgoblin barely misses you.
You slash the hobgoblin!
You kill the hobgoblin!
You barely miss the adder. The adder barely misses you.
The adder bites you but does no damage.
You closely miss the adder.
You feel sick. The adder closely misses you.
The adder bites you but does no damage.
You miss the adder. The adder bites you.
You closely miss the adder. The adder barely misses you.
The adder bites you but does no damage.
You hit the adder.
The adder is heavily wounded.
You feel sick. The adder bites you. x2
You are more poisoned.
The adder poisons you!
You are too injured to fight recklessly!
You are too injured to fight recklessly!
You are too injured to fight recklessly!
You are too injured to fight recklessly!
You are too injured to fight recklessly!
You are too injured to fight recklessly!
You are too injured to fight recklessly!
You are too injured to fight recklessly!
You are too injured to fight recklessly!
You are too injured to fight recklessly!
You are too injured to fight recklessly!
You are too injured to fight recklessly!
You are too injured to fight recklessly!
You closely miss the adder.
The adder is heavily wounded.
You feel sick. The adder bites you.
You miss the adder.
The adder is heavily wounded.
You feel sick. The adder misses you. The adder bites you.
You die...

.........#
.........#
..........#
..........#
..........##
...........#
.......S...#
........@..#####
................
.......<...##..#
................
...#....##~#....
## #..#~# ~###..
#..#~~ ~~ =
#.##~# ~#~ #.
~~~ ~~


You could see an adder.

Action                   || total
-------------------------++-------
Melee: War axe           ||    72
Armor: Leather armour    ||    40
Dodge: Dodged            ||    56

Notes
Turn   | Place    | Note
--------------------------------------------------------------
     0 | D:1      | Duffy the Naga Gladiator began the quest for the Orb.
     0 | D:1      | Reached XP level 1. HP: 19/19 MP: 1/1
   241 | D:1      | Reached XP level 2. HP: 3/26 MP: 2/2
   853 | D:2      | Slain by an adder

Vault maps used:
D:1:      lemuel_arrival_room
D:2:      lemuel_crystal_altar, first_bread, ecumenical_altar_2, minivault_4

Vanquished Creatures
  A dart slug
  3 bats
  4 hobgoblins
  2 goblins
  2 kobolds
  4 rats
16 creatures vanquished.
